[Event "1000GM Memorial Day NY IM-B 2023"]
[Site "New York"]
[Date "2023.05.29"]
[Round "8.5"]
[White "Nagy, Gabor"]
[Black "Hebbar, Eshaan"]
[Result "1-0"]
[ECO "B37"]
[WhiteElo "2468"]
[BlackElo "1969"]
[Annotator "TA"]
[PlyCount "85"]
[EventDate "2023.05.23"]
[EventType "schev"]
[EventCountry "USA"]
[SourceTitle "playchess.com"]
[Source "ChessBase"]
[SourceQuality "1"]
[TimeControl "5400+30"]

1. c4 c5 2. Nf3 Nf6 3. Nc3 Nc6 4. d4 cxd4 5. Nxd4 g6 6. e4 Bg7 7. Nc2 O-O 8. Be2 d6 9. O-O Be6 10. b3 Rc8 {[%emt 0:02:01] B37: Sicilian: Maroczy Bind with 5...Bg7, sidelines.} (10... Nd7 $5 11. Qd2 a5 $11) 11. Bd2 a6 12. Rc1 Nd7 {[%emt 0:10:36] White is slightly better.} 13. Kh1 Nc5 14. f3 f5 15. b4 Nd7 16. exf5 Bxf5 {[%emt 0:12:36] [#]} 17. Nd5 $146 ({Predecessor:} 17. a3 Bxc2 18. Qxc2 Nd4 19. Qd1 Ne5 20. Bg5 Nf7 21. Be3 e5 22. Nd5 Ng5 23. f4 {1-0 Nagy,G (2527)-Aditya,V (2281) Budapest Vezerkepzo GM 12 2021 (4)}) 17... Nde5 (17... Bxc2 $11 {keeps the balance.} 18. Qxc2 a5) 18. Bg5 ({White should try} 18. b5 $16) 18... h6 19. Bh4 ({Better is} 19. Be3 $16) 19... g5 $14 20. Bf2 e6 21. Nb6 Rc7 22. Qd2 Rcf7 (22... g4 $11) 23. b5 $16 axb5 24. cxb5 Bxc2 25. bxc6 ({Much weaker is} 25. Qxc2 $6 Ne7 $14) (25. Rxc2 $16 Ne7 26. Rd1) 25... Bg6 $14 26. cxb7 Rxb7 27. Rc8 Qe7 28. Rxf8+ Bxf8 29. a4 $1 Rc7 30. a5 Rc2 31. Qd1 Qc7 32. a6 Ra2 33. Bd4 {[%emt 0:03:09] Bb5 would be deadly.} (33. Bg1 {simplifies} d5 34. Re1 Qc2 35. Qxc2 Bxc2 36. a7) 33... d5 $1 34. Qc1 (34. Na4 $5 Nc6 35. Nc3 $16) 34... Nc6 (34... Rc2 $1 $11 {remains equal.} 35. Qd1 Ra2) 35. Bb5 $16 {[%emt 0:05:02] Some like it hot} Rc2 {[%emt 0:00:06] [#]} 36. Bxc6 $1 Rxc1 (36... Qxc6 $2 37. Qb1 Qc7 38. Qa1 $18) (36... Rxc6 $2 37. Qxc6 Qxc6 38. a7 $18) 37. Rxc1 {[%emt 0:00:01][%cal Ob6d5] Black must now prevent Nxd5!} Qa7 $2 {[%emt 0:00:38] This move loses the game for Black.} (37... Qf4 $16 {was necessary.} 38. Rd1 Bc2 39. Nxd5 {[%mdl 64] Promotion} exd5) 38. Bb5 $18 {[%emt 0:02:11] Threatens to win with Rc8.} e5 $2 (38... Be8 39. Bxe8 Qxa6) 39. Bg1 {[%emt 0:00:51] White is clearly winning.} d4 {[%emt 0:00:04] [#]} 40. Nc8 $1 Qa8 41. a7 Ba3 42. Rc7 d3 43. Nb6 {[%emt 0:00:40] Excellently played by Nagy!   Weighted Error Value: White=0.14 (very precise) /Black=0.36} 1-0

[Event "1000GM Memorial Day NY IM-B 2023"]
[Site "New York"]
[Date "2023.05.29"]
[Round "8.6"]
[White "Bortnyk, Mykola"]
[Black "Nakada, Akira"]
[Result "0-1"]
[ECO "B14"]
[WhiteElo "2425"]
[BlackElo "2321"]
[Annotator "TA"]
[PlyCount "56"]
[EventDate "2023.05.23"]
[EventType "schev"]
[EventCountry "USA"]
[SourceTitle "playchess.com"]
[Source "ChessBase"]
[SourceQuality "1"]
[TimeControl "5400+30"]

1. e4 c6 2. d4 d5 3. exd5 cxd5 4. c4 Nf6 5. Nc3 g6 6. Qb3 Bg7 7. cxd5 O-O 8. Bd3 {[%emt 0:01:31] B14: Caro-Kann: Panov-Botvinnik Attack with 5...e6 and 5...g6.} Nbd7 9. Bg5 Nb6 10. Bxf6 {[%emt 0:03:25] Black has an edge.} Bxf6 11. Nf3 Qd6 (11... e6 $11) 12. O-O $14 Bg4 {[%emt 0:01:41] [#]} 13. Ne5 Bxe5 14. dxe5 Qxe5 {[%emt 0:00:06] [#]} 15. h3 $146 ({Predecessor:} 15. Rfe1 Qg5 16. Bf1 Rad8 17. a4 Nxd5 18. Nxd5 Rxd5 19. Qxb7 Rd7 20. Qb5 Qd2 21. h3 {0-1 Chos,A (2327)-Sanduleac,V (2466) Evpatoria 2010 (14)}) 15... Bd7 16. a4 {[%emt 0:01:20][%cal Ba2a4,Ba4a5][%mdl 32] Threatens to win with a5.} Qg5 $2 (16... e6 $11 {and Black has nothing to worry.}) 17. Kh1 $2 (17. h4 $1 $18 Qxh4 18. a5) 17... Rad8 18. a5 Nxd5 19. Qxd5 (19. Nxd5 $5 Be6 $8 20. Nxe7+ Qxe7 21. Bc4 $11) 19... Bf5 20. Qxb7 Rxd3 (20... Bxd3 $11 21. Rfe1 Qc5) 21. Qxa7 {[%emt 0:03:17] [#]} (21. Rfd1 $14) 21... Bxh3 $1 $17 {[%emt 0:01:03][%csl Gh3][%cal Rg5g2] Black is more active.} 22. Qb7 Rfd8 $40 {[%emt 0:00:28][%mdl 128] Black mounts an attack.} 23. Ra4 $2 {[%emt 0:06:12][%mdl 8192] [#]} (23. Rfd1 $11 R8d5 24. Qb8+ Kg7 25. Qh2 Rxd1+ 26. Nxd1) 23... R8d5 $1 $19 24. Qb8+ {[%emt 0:03:12] [#]} (24. Qxd5 Rxd5) 24... Kg7 $1 25. Rg1 {[%emt 0:02:04][%cal Oc3d5] [#]} Bxg2+ {[%emt 0:01:25][%mdl 512] Black mates.} 26. Rxg2 {[%emt 0:00:12] [#]} Rd1+ $1 27. Nxd1 Rxd1+ 28. Kh2 Qh5+ {[%emt 0:00:06] An entertaining game by Nakada.   Weighted Error Value: White=0.97/Black=0.23 (precise)} 0-1

[Event "1000GM Memorial Day NY IM-B 2023"]
[Site "New York"]
[Date "2023.05.29"]
[Round "9.1"]
[White "Hebbar, Eshaan"]
[Black "Ansh M Shah"]
[Result "0-1"]
[ECO "E92"]
[WhiteElo "1969"]
[BlackElo "2171"]
[Annotator "TA"]
[PlyCount "84"]
[EventDate "2023.05.23"]
[EventType "schev"]
[EventCountry "USA"]
[SourceTitle "playchess.com"]
[Source "ChessBase"]
[SourceQuality "1"]
[TimeControl "5400+30"]

1. d4 Nf6 2. c4 g6 3. Nc3 Bg7 4. e4 d6 5. Nf3 O-O 6. Be2 e5 7. d5 a5 8. O-O Na6 9. Be3 Ng4 10. Bg5 f6 11. Bh4 {[%emt 0:00:23] E92: King's Indian: Classical: 6 Be2 e5: 7 dxe5, 7 Be3 and Petrosian System without 7...Nbd7.} Nc5 12. h3 Nh6 {[%emt 0:00:18] [#]} 13. Nd2 $146 {[%emt 0:00:34] The position is equal.} ({Predecessor:} 13. Qd2 Qe8 14. Ne1 g5 15. Bg3 Qg6 16. Rd1 f5 17. exf5 Nxf5 18. Nd3 Nd4 19. Nxc5 dxc5 {0-1 Kaos,K (1872)-Makarova,K (1927) EST-ch (Women) 2005 (1)}) 13... g5 14. Bg3 f5 15. f3 f4 16. Bf2 Nf7 17. a3 h5 18. b4 Na6 (18... Nd7 $14) 19. c5 $16 (19. bxa5 Qe7 $16) 19... g4 (19... Nb8 $16 20. Nc4 axb4 21. axb4 Rxa1 22. Qxa1 g4) 20. fxg4 $18 (20. hxg4 $6 dxc5 21. bxc5 (21. b5 hxg4 22. fxg4 Nb8 $16) 21... hxg4 22. fxg4 Bf6 $16) 20... hxg4 21. hxg4 ({Only move:} 21. Bxg4 $18 {aiming for c6.} Qg5 22. Be6 (22. bxa5 Bxg4 23. Qxg4 Qxg4 $16)) 21... Nh6 (21... Bf6 $1 $14) 22. Nc4 $2 (22. bxa5 Nxc5 23. Bxc5 dxc5 $11) (22. Nb5 $18) 22... Qg5 $11 23. cxd6 (23. bxa5 Nxg4 24. cxd6 Qh5 25. Bxg4 Bxg4 $17) 23... cxd6 (23... Nxg4 $11 24. Qe1 (24. bxa5 $2 Qh5 $17) 24... Qh5) 24. Nxd6 $14 {[%emt 0:00:51] And now Nf5 would win.} (24. bxa5 Nxg4 25. Nxd6 Qh5 26. Bxg4 Bxg4 $11) 24... Bxg4 25. Bxg4 (25. bxa5 $2 f3 26. Ra2 (26. Bxa6 $2 fxg2 27. Be2 gxf1=Q+ 28. Kxf1 Qh4 $19) 26... fxe2 27. Rxe2 Qg6 $19) 25... Nxg4 26. Qf3 $1 $36 {[%emt 0:00:11][%mdl 2048] White has good play.} Rf6 (26... Qh5 27. Qh3 (27. bxa5 $2 Qh2#) 27... Qxh3 28. gxh3 Nxf2 29. Kxf2 $16) ({Better is} 26... axb4 $14 27. axb4 Nxb4) 27. Nf5 $1 $18 Nxf2 (27... Qh5 $142 28. Rfc1 (28. bxa5 $2 Qh2#) (28. Qh3 Qxh3 29. gxh3 Nh6 $16) 28... axb4 29. axb4 Bf8) 28. Rxf2 {[%emt 0:00:16] d6 would be deadly.} (28. Qxf2 $6 Rd8 29. d6 (29. bxa5 Bf8 $18) 29... Rfxd6 $18) 28... Bf8 29. Rb2 ({But not} 29. bxa5 $6 Bc5 30. d6 Bxd6 $18) (29. d6 $142) 29... axb4 30. axb4 Rd8 31. b5 Nc7 32. Kf1 Ne8 {[%emt 0:00:30] [#]} 33. g3 $1 Nd6 {[%emt 0:22:50] [#]} 34. gxf4 (34. Rg2 $1 $16 Kf7 35. g4 (35. gxf4 Qxf4 36. Qxf4 exf4 $16)) 34... Qxf4 $11 35. Qxf4 exf4 36. Rg2+ Kf7 37. Ra7 {[%emt 0:02:12] Strongly threatening Nxd6+.} Rb8 38. Nxd6+ (38. Rg5 $5 Nxf5 39. exf5 $16 (39. Rxf5 Rxf5 40. exf5 Kf6 $11)) 38... Bxd6 39. Rg5 {[%emt 0:02:00] Hoping for e5.} Bc5 40. Ra4 {[%emt 0:00:27][%mdl 8192] [#]} (40. e5 $11 Bxa7 41. exf6) 40... Rh8 $1 $19 {[%emt 0:02:58] ( -> ...f3)} 41. Rf5 Rxf5 42. exf5 f3 {[%emt 0:00:08] Both players deserved the win here.   Weighted Error Value: White=0.66/Black=0.30} 0-1

[Event "1000GM Memorial Day NY IM-B 2023"]
[Site "New York"]
[Date "2023.05.30"]
[Round "9.2"]
[White "Nakada, Akira"]
[Black "Pang, Qi"]
[Result "1-0"]
[ECO "A35"]
[WhiteElo "2321"]
[BlackElo "2165"]
[Annotator "TA"]
[PlyCount "101"]
[EventDate "2023.05.23"]
[EventType "schev"]
[EventCountry "USA"]
[SourceTitle "playchess.com"]
[Source "ChessBase"]
[SourceQuality "1"]
[TimeControl "5400+30"]

1. c4 c5 2. Nf3 Nc6 3. Nc3 g6 4. e3 Bg7 5. d4 cxd4 6. exd4 d6 7. d5 Nb8 8. Be2 Nf6 9. O-O O-O 10. h3 {[%emt 0:01:16] A35: Symmetrical English: 2 Nc3 Nc6 3 Nf3.} Na6 (10... e5 $14) 11. Be3 Nc5 12. Nd4 {[%emt 0:07:15] White is better.} a5 13. Qc2 Bd7 14. b3 {[%emt 0:01:10] White is more active.} Qc8 {[%emt 0:03:16] [#]} 15. Rfd1 $146 ({Predecessor:} 15. Kh2 Bf5 16. Nxf5 Qxf5 17. Qxf5 gxf5 18. Rac1 Nfe4 19. Nb5 Rfd8 20. g4 Kh8 21. gxf5 {½-½ Drakoulakos,G (2274)-Trimitzios,P (2086) GRE-ch U16 Porto Rio 2016 (8)}) 15... Re8 16. a3 Bf5 17. Qb2 ({White should play} 17. Nxf5 $16 Qxf5 18. Qxf5 gxf5 19. Rab1) 17... Nfe4 $14 18. Nxe4 Nxe4 19. Rac1 h5 20. b4 h4 ({Better is} 20... axb4 21. axb4 Qd7) 21. Bd3 axb4 22. axb4 e6 23. dxe6 (23. Qe2 $142) 23... Qxe6 $16 24. Qb3 $40 {[%emt 0:02:24][%mdl 128] White attacks with force.} Bxd4 (24... Qf6 $16 {was worth a try.}) 25. Bxd4 $18 Ng5 {[%emt 0:00:29][%cal Of5h3] [#]} 26. Bf1 $1 {[%emt 0:01:45] A strong pair of Bishops.} Be4 (26... Qe7 $142 27. c5 dxc5 28. Bxc5 (28. Rxc5 Ne6 $11) 28... Qe4) 27. f3 Bf5 28. Bf2 Qe7 29. Qb2 (29. Bxh4 $2 Nxh3+ 30. gxh3 Qxh4 $19) 29... Ne6 30. Qd2 Red8 31. Re1 Ra4 (31... Kh7 $142 32. Qf4 Rd7 33. Qxh4+ (33. Bxh4 Nxf4 34. Rxe7 Rxe7 $18) 33... Qxh4 34. Bxh4 d5) 32. Qh6 g5 (32... Qf8 $142 33. Qxh4 g5) 33. Bd4 {[%emt 0:00:00][%csl Gd4][%cal Rh6h8,Bf2d4,Bd4f6,Bf6e7,Be7d6,Bd6e5][%mdl 96] Pin} f6 34. Bxf6 (34. Qxf6 Qxf6 35. Bxf6 Rd7 $18) 34... Qf8 35. Qxf8+ ({Don't play} 35. Bxg5 Qxh6 36. Bxh6 Rxb4 $18) ({Less strong is} 35. Qh8+ Kf7 $18) 35... Rxf8 36. Be7 Rfa8 37. Bxd6 Kf7 38. Rcd1 Ra2 39. Be5 Nf8 $2 (39... Rd8 40. c5 Ra4) 40. c5 {[%emt 0:00:00] White is clearly winning.} Be6 41. Bd6 Rb2 42. b5 Ng6 43. c6 bxc6 44. bxc6 Nf4 (44... Rb6 $142 45. c7 Rc8) 45. c7 {[%emt 0:00:00] aiming for Bxf4.} Rc2 46. Bxf4 gxf4 {[%emt 0:00:05] [#]} 47. Rxe6 $1 {[%emt 0:00:00][%mdl 64] Threatens to win with Rh6. Promotion} Kxe6 (47... Rxc7 48. Re4) 48. Rd8 Raa2 49. c8=Q+ Rxc8 50. Rxc8 Kf5 51. Rc5+ {[%emt 0:00:00] Weighted Error Value: White=0.19 (very precise) /Black=0.36} 1-0

[Event "1000GM Memorial Day NY IM-B 2023"]
[Site "New York"]
[Date "2023.05.30"]
[Round "9.3"]
[White "Espinosa, Pedro"]
[Black "Lee, Alice"]
[Result "1-0"]
[ECO "D45"]
[WhiteElo "2229"]
[BlackElo "2391"]
[Annotator "RC"]
[PlyCount "109"]
[EventDate "2023.05.23"]
[EventType "schev"]
[EventCountry "USA"]
[SourceTitle "playchess.com"]
[Source "ChessBase"]
[SourceQuality "1"]
[TimeControl "5400+30"]

1. d4 d5 2. c4 e6 3. Nf3 c6 4. e3 Nf6 5. Nc3 Nbd7 6. Be2 Bd6 7. O-O O-O 8. b3 b6 9. Bb2 Bb7 10. Rc1 Rc8 11. Bd3 Re8 12. h3 h6 13. Qe2 e5 14. dxe5 Nxe5 15. cxd5 cxd5 16. Nxe5 Bxe5 17. Nb5 Bb8 18. Qf3 Ne4 19. Qg4 Qg5 20. Qd7 Qe7 21. Qxe7 Rxe7 22. Rxc8+ Bxc8 23. Nd4 Nc5 24. Be2 Bd7 25. Rd1 Re8 26. Bf3 Ne4 27. Ne2 Be6 28. Nd4 Bd7 29. Nc2 Be5 30. Rxd5 Bxb2 31. Rxd7 Ng5 32. Rxa7 Rc8 33. Nd4 Rc1+ 34. Kh2 Rf1 35. Kg3 Bc3 36. h4 Ne6 37. Nxe6 fxe6 38. Bg4 Be5+ 39. f4 Bf6 40. Bxe6+ Kf8 41. e4 Bc3 42. e5 Be1+ 43. Kg4 Rf2 44. Bd5 Rd2 45. Bf3 Rd4 46. h5 Bd2 47. g3 Rd3 48. Rb7 g6 49. hxg6 h5+ 50. Kf5 Rxf3 51. Kf6 Ke8 52. g7 Rxg3 53. Rb8+ Kd7 54. g8=Q Rxg8 55. Rxg8 1-0

[Event "1000GM Memorial Day NY IM-B 2023"]
[Site "New York"]
[Date "2023.05.30"]
[Round "9.5"]
[White "Luo, Terry"]
[Black "Bortnyk, Mykola"]
[Result "1/2-1/2"]
[ECO "E04"]
[WhiteElo "2321"]
[BlackElo "2425"]
[Annotator "TA"]
[PlyCount "119"]
[EventDate "2023.05.23"]
[EventType "schev"]
[EventCountry "USA"]
[SourceTitle "playchess.com"]
[Source "ChessBase"]
[SourceQuality "1"]
[TimeControl "5400+30"]

1. d4 Nf6 2. c4 e6 3. g3 d5 4. Nf3 dxc4 5. Bg2 Bd7 6. O-O {[%emt 0:00:09][%mdl 1024] White has compensation. E04: Open Catalan: 5 Nf3.} Bc6 7. Qc2 b5 8. Nc3 {[%emt 0:00:05] Prevents Be4. White is slightly better.} Be7 9. e4 b4 {[%emt 0:00:04] [#]} 10. d5 $1 {[%emt 0:00:56] [#]} bxc3 $146 (10... exd5 11. Nxd5 Bxd5 12. exd5 $16) ({Predecessor:} 10... Bb7 11. dxe6 bxc3 12. exf7+ Kf8 13. Rd1 Qc8 14. Ng5 h6 15. Bh3 Nbd7 16. Ne6+ Kxf7 17. Qxc3 Bxe4 {0-1 Ju,W (2555)-Bortnyk,M (2442) PRO League Prelim rapid 2023 (3.2)}) 11. dxc6 Qd3 12. Qa4 Nxe4 13. Ne5 $1 Qd4 14. Nd7 (14. Nxc4 $16 {Hoping for Bxe4.} Nc5 15. Qb5) 14... f5 $11 (14... cxb2 15. Bxb2 Qxb2 16. Bxe4 $16) 15. bxc3 (15. Be3 $5 Qd5 16. Nxb8 Rxb8 17. Rad1 $11) 15... Nxc3 16. Be3 (16. Bb2 $11 Qxf2+ 17. Rxf2 Nxa4 18. Bxg7 Nxd7 19. Bxh8) 16... Nxa4 (16... Qxe3 $17 17. Qxc4 Qd4 18. Qxe6 Qd6 19. Qxf5 Ne2+ 20. Kh1 Nd4) 17. Bxd4 Nxd7 18. cxd7+ {[%emt 0:00:09][%mdl 64] Discovered Attack} Kxd7 19. Bxa8 Rxa8 20. Rac1 $1 Nb6 21. Rfd1 Kc6 22. a4 a5 (22... Nxa4 $2 23. Rxc4+ (23. Bxg7 Nb6 $15) 23... Kb5 24. Rxc7 $18) 23. Bxb6 {[%emt 0:00:09][%mdl 64] Remove Defender} cxb6 24. Rxc4+ {[%emt 0:00:01][%mdl 4096] Endgame KRR-KRB} Bc5 25. Rc2 e5 26. Kf1 Re8 27. Rcd2 Bd4 28. f4 Bc5 $1 29. fxe5 Rxe5 30. Re2 Re4 31. Rxe4 fxe4 {[%emt 0:00:03] KR-KB} 32. Rb1 Kd5 33. Ke2 Kc4 34. g4 g5 35. h3 Kc3 36. Rb5 Kc2 37. Ke1 h6 38. Ke2 Kc3 39. Rb1 Kc4 40. Rb5 Kd4 41. Rb1 Kc3 42. Rb5 Kc2 43. Ke1 Kd3 44. Rb3+ Kd4 45. Ke2 Ke5 46. Rc3 Kd5 47. Rc2 Kd4 48. Rc1 e3 {[%emt 0:00:00] [#]} (48... Kd5 $11) 49. Rf1 ({White must play} 49. Rc2 $1 $16) 49... Kc4 {[%emt 0:00:00] The position is equal.} 50. Rf6 Kb4 51. Rxh6 Kxa4 {[%emt 0:00:00] ...Kb4 would be deadly.} 52. h4 (52. Rg6 $2 Kb3 53. Rxg5 a4 54. Rxc5 bxc5 $19) 52... gxh4 53. g5 Kb3 $1 54. Rxh4 (54. g6 $5 Bf8 $8 55. Rxh4 $11) 54... a4 $1 {[%emt 0:00:00] Threatens to win with ...a3.} 55. g6 {[%emt 0:00:07] Intending g7 and mate.} Bf8 {[%emt 0:00:00] And now ...a3 would win.} 56. Rh8 (56. Kxe3 $2 {perishes.} a3 57. Rh8 (57. Rh1 $2 a2 $19) 57... a2 58. Rxf8 (58. Rh1 $2 Bg7 $19) 58... a1=Q $19) 56... Bg7 57. Rb8 a3 58. Rxb6+ Kc2 59. Ra6 Kb2 60. Kxe3 {[%emt 0:00:08] Weighted Error Value: White=0.14 (very precise) /Black=0.12 (very precise)} 1/2-1/2